 Dungeon Sprint DCSS version 0.23.2-1-ga50397a (webtiles) character file.

Game seed: 13997466446697376231

167 Fang the Skirmisher (level 5, -1/55 HPs)
             Began as a Gargoyle Berserker on Apr 24, 2019.
             Was a Believer of Trog.
             Shot with an arrow by a deep elf archer (8 damage)
             ... in the Dungeon (Sprint V: "Ziggurat Sprint").
             The game lasted 00:00:37 (294 turns).

Fang the Skirmisher (Gargoyle Berserker)             Turns: 294, Time: 00:00:38

Health: -1/55      AC: 35    Str: 38    XL:     5   Next: 48%
Magic:  5/5        EV: 10    Int:  8    God:    Trog [**....]
Gold:   0          SH:  0    Dex: 12    Spells: 4/4 levels left

rFire    . . .     SeeInvis .   j - +5 executioner's axe
rCold    . . .     Gourm    .   (shield currently unavailable)
rNeg     + . .     Faith    .   k - +15 Maxwell's patent armour {-Cast -Tele rElec MR+ rCorr}
rPois    ∞         Spirit   .   (no helmet)
rElec    +         Reflect  .   (no cloak)
rCorr    +         Harm     .   a - +2 pair of gloves {Dex+3}
MR       +++..     NoTele   +   (no boots) Stlth ..........NoCast +
                                (no amulet)
HPRegen  1.18/turn              D - +6 ring of strength
MPRegen  0.09/turn              E - +6 ring of strength

@: berserking, regenerating, very quick
A: negative energy resistance 1, electricity resistance, unbreathing,
petrification resistance, rot immunity, AC +4
a: Berserk, Trog's Hand, Renounce Religion


You were in the Dungeon.
You worshipped Trog.
Trog was pleased with you.
You were not hungry.

You visited 1 branch

Inventory:

Hand Weapons
 j - a +5 executioner's axe (weapon)
Armour
 a - a +2 pair of gloves of dexterity (worn)
 k - the +15 Maxwell's patent armour (worn) {-Cast -Tele rElec MR+ rCorr}
   (You found it in the Dungeon)

   It insulates you from electricity.
   It affects your resistance to hostile enchantments.
   It prevents spellcasting.
   It prevents most forms of teleportation.
   It provides partial protection from all sources of acid and corrosion.
Jewellery
 D - a +6 ring of strength (left hand)
 E - a +6 ring of strength (right hand)
Wands
 w - a wand of disintegration (7)
 x - a wand of iceblast (7)
 y - a wand of acid (7)
Scrolls
 i - 4 scrolls of blinking
 l - 7 scrolls of fog
 m - a scroll of holy word
 n - 5 scrolls of identify
 o - 5 scrolls of remove curse
 p - 2 scrolls of fear
Potions
 d - 10 potions of curing
 e - 10 potions of heal wounds
 f - 6 potions of haste
 g - 7 potions of magic
 h - 3 potions of berserk rage
 q - 2 potions of brilliance
 r - 2 potions of invisibility
 s - 4 potions of resistance
 t - a potion of experience
 u - 5 potions of agility
 v - 5 potions of might
Comestibles
 c - 7 rations


   Skills:
 + Level 6.7 Fighting
 + Level 5.5 Axes
 + Level 6.2 Armour
 + Level 4.6 Dodging


You had 4 spell levels left.
You didn't know any spells.
Your spell library was empty.

Dungeon Overview and Level Annotations

Branches:
Dungeon (1/1)

Altars:
Ashenzari
Cheibriados
Dithmenos
Elyvilon
Fedhas
Gozag
Hepliaklqana
Kikubaaqudgha
Makhleb
Nemelex Xobeh
Okawaru
Qazlal
Ru
Sif Muna
Trog
Uskayaw
Vehumet
Wu Jian
Xom
Yredelemnul
Zin
The Shining One
Beogh
Jiyva
Lugonu

Annotations:
D 1 transporter


Innate Abilities, Weirdness & Mutations

You are resistant to torment.
Your stone body is resilient. (AC +4)
You are immune to poison.
You resist negative energy. (rN+)
You are resistant to electric shocks. (rElec)
You can survive without breathing.
You are immune to petrification.
You are immune to rotting.


Message History

The deep elf archer wields a +0 shortbow.
The deep elf archer shoots an arrow.
The arrow hits you but does no damage. The air elemental barely misses you.
You feel a strong urge to attack something.
You are engulfed in raging winds.
The air elemental hits you!
* * * LOW HITPOINT WARNING * * *
The air elemental misses you.
The deep elf archer unwields a +0 shortbow.
The deep elf archer wields a +0 short sword.
The deep elf archer hits you but does no damage.
You barely miss the air elemental. You closely miss the deep elf archer.
You miss the deep elf archer.
You are engulfed in raging winds.
The air elemental hits you but does no damage. x2
The deep elf archer blinks!
The air elemental hits you but does no damage.
The deep elf archer blinks!
You closely miss the air elemental.
You float gracefully downwards.
The air elemental hits you but does no damage. x2
The deep elf archer shoots an arrow.
The arrow hits you!
You die...

▓▓▓▓▓▓▓▓▓▓▓▓▓▓▓▓▓▓▓
▓.8©8.▓.8©8.▓.8©8.▓
▓.)e|.▓.|}..▓.....▓
▓§§e§§▓.....▓.[.[.▓
▓..@(§▓.....▓.....▓
▓..E.§▓.....▓..†..▓
▓§.§§.▓.....▓..©..▓
▓§.©§e▓..©..▓▓▓▓▓▓▓
▓▓▓▓▓▓▓▓▓▓▓▓▓


You could see 2 deep elf archers, a deep elf mage and an air elemental.

Vanquished Creatures
  2 scorpions (D)
  A crimson imp (D)
  An iron imp (D)
  A white imp (D)
5 creatures vanquished.

Notes
Turn   | Place    | Note
-------+----------+-------------------------------------------
     0 | D        | Found the +6 Majin-Bo {vamp, Archmagi MP+6 Int+6}
     0 | D        | Found the +7 great mace "Firestarter" {inner flame, rF++}
     0 | D        | Fang the Gargoyle Berserker began the quest for the Orb.
     0 | D        | Reached XP level 1. HP: 14/14 MP: 1/1
     1 | D        | Found a blossoming altar of Fedhas.
     2 | D        | Found a viscous altar of Jiyva.
     2 | D        | Found a transporter.
     2 | D        | Found a hazy altar of Hepliaklqana.
     2 | D        | Found an ancient bone altar of Kikubaaqudgha.
     2 | D        | Found an opulent altar of Gozag.
     2 | D        | Found a corrupted altar of Lugonu.
     9 | D        | Found a burning altar of Makhleb.
    11 | D        | Found an iron altar of Okawaru.
    11 | D        | Found a stormy altar of Qazlal.
    11 | D        | Found a sparkling altar of Nemelex Xobeh.
    11 | D        | Found a sacrificial altar of Ru.
    11 | D        | Found a deep blue altar of Sif Muna.
    16 | D        | Found the +9 heavy crossbow "Sniper" {velocity, Acc+∞ SInv}
    16 | D        | Found the +10 dark maul {crush}
    16 | D        | Found the +15 Maxwell's patent armour {-Cast -Tele rElec
                  | MR+ rCorr}
    16 | D        | Found the +18 shield of the Gong {rElec rN+ MR+ EV-5}
    16 | D        | Found the cursed +14 obsidian axe {chop, +Fly SInv *Curse}
    21 | D        | Found a bloodstained altar of Trog.
    64 | D        | Entered arena 2.
    64 | D        | Noticed a scorpion
    64 | D        | Noticed a scorpion
    64 | D        | Found a transporter.
    66 | D        | Killed a scorpion
    66 | D        | Reached skill level 5 in Fighting
    66 | D        | Reached XP level 2. HP: 21/21 MP: 2/2
    66 | D        | Reached XP level 3. HP: 26/26 MP: 3/3
    69 | D        | Killed a scorpion
    69 | D        | Reached skill level 5 in Armour
    69 | D        | Reached XP level 4. HP: 32/32 MP: 4/4
   257 | D        | Entered arena 3.
   257 | D        | Found a transporter.
   262 | D        | Reached ** piety under Trog
   262 | D        | Reached skill level 5 in Axes
   262 | D        | Reached XP level 5. HP: 32/36 MP: 5/5
   288 | D        | Entered arena 4.
   288 | D        | Noticed a deep elf archer
   288 | D        | Noticed a deep elf archer
   288 | D        | Noticed a deep elf mage
   288 | D        | Noticed an air elemental
   288 | D        | Found a transporter.
   289 | D        | Identified the +5 battleaxe of Dacricwo {freeze, +Inv rC++
                  | rN+ Dex-4}
   294 | D        | Shot with an arrow by a deep elf archer

Skill      XL: |  1  2  3  4  5 |
---------------+----------------+-----
Fighting       | 5 6 |  6.7
Axes           | 4 5 |  5.5
Armour         | 4 5 6 |  6.2
Dodging        | 3 4 |  4.6

Action                   |  1- 3 |  4- 6 || total
-------------------------+-------+-------++-------
Melee: Executioner's axe |     4 |     9 ||    13
Invok: Berserk           |     1 |     1 ||     2
       Trog's Hand       |       |     1 ||     1
Armor: Plate armour      |     1 |    21 ||    22
Dodge: Dodged            |     3 |    11 ||    14
